 Dungeon Crawl Stone Soup version 0.31-a0-1447-g87ca8d402b (webtiles) character file.

Game seed: 12595330074684437397

615 Atlas the Firebug (level 7, 0/46 HPs)
             Began as a Demonspawn Fire Elementalist on Dec 27, 2023.
             Shot with an arrow by a centaur warrior (20 damage)
             ... on level 7 of the Dungeon.
             The game lasted 00:09:20 (3793 turns).

Atlas the Firebug (Demonspawn Fire Elementalist)    Turns: 3793, Time: 00:09:20

Health: 0/46       AC:  5    Str:  9    XL:     7   Next: 21%
Magic:  12/13      EV: 15    Int: 17    God:
Gold:   248        SH:  0    Dex: 13    Spells: 12/15 levels left

rFire   . . .        x - +2 dagger (venom)
rCold   . . .        (no shield)
rNeg    . . .        t - +2 leather armour {rPois}
rPois   +            (no helmet)
rElec   .            (no cloak)
rCorr   .            (no gloves)
SInv    .            (no boots)
Will    .....        (no amulet)
Stlth   ++           (no ring)
HPRegen 0.27/turn    (no ring)
MPRegen 0.26/turn

%: no passive effects
@: about to teleport, weakened
A: repulsion field 2, powered by death 2, magic regeneration
a: no special abilities


You were on level 7 of the Dungeon.
You visited 1 branch of the dungeon, and saw 5 of its levels.

You collected 248 gold pieces.

Inventory:

Hand Weapons
 v - the +0 sling of Mastery {freeze, rElec Str+7 Dex-3}
   (You found it on level 4 of the Dungeon)

   Str+7:     It affects your strength (+7).
   Dex-3:     It affects your dexterity (-3).
   rElec:     It insulates you from electricity.
 x - a +2 dagger of venom (weapon)
Missiles
 n - 4 atropa-tipped darts
Armour
 t - a +2 leather armour of poison resistance (worn)
Wands
 o - a wand of flame (12)
 u - a wand of roots (11)
Scrolls
 c - 2 scrolls of noise {unknown}
 d - 3 scrolls of identify {unknown}
 e - 2 scrolls of vulnerability {unknown}
 f - 2 scrolls of fog {unknown}
 g - a scroll of teleportation
 h - 2 scrolls of enchant armour {unknown}
 i - a scroll of revelation {unknown}
 m - 3 scrolls of poison {unknown}
 p - a scroll of silence {unknown}
 s - 2 scrolls of immolation {unknown}
Potions
 a - a potion of might {unknown}
 b - a potion of magic
 j - a potion of curing
 k - a potion of brilliance {unknown}
 l - a potion of mutation {unknown}
 q - 2 potions of degeneration {unknown}
 r - a potion of lignification {unknown}
 w - a potion of cancellation {unknown}


   Skills:
 + Level 1.2 Throwing
 + Level 0.2 Armour
 + Level 2.6 Dodging
 + Level 2.3 Stealth
 + Level 0.1 Unarmed Combat
 + Level 4.5 Spellcasting
 + Level 3.0 Conjurations
 + Level 4.8 Fire Magic


You had 12 spell levels left.
You knew the following spells:

 Your Spells              Type           Power      Damage    Failure   Level
a - Scorch                Fire           40%        2d6       4%          2
b - Foxfire               Conj/Fire      68%        2x1d7     4%          1

Your spell library contained the following spells:

 Spells                   Type           Power      Damage    Failure   Level
 Sting                    Conj/Alch      36%        1d5       12%         1
 Apportation              Tloc           6%         N/A       22%         1
 Necrotise                Necr           12%        1d4       22%         1
 Summon Small Mammal      Summ           12%        N/A       22%         1
 Inner Flame              Hex/Fire       12%        N/A       24%         3
 Volatile Blastmotes      Fire/Tloc      24%        2d12      24%         3
 Stone Arrow              Conj/Erth      18%        3d8       34%         3
 Flame Wave               Conj/Fire      17%        2d7       38%         4
 Animate Armour           Summ/Erth      6%         N/A       91%         4
 Lehudib's Crystal Spear  Conj/Erth      4%         10d3      100%        8


Dungeon Overview and Level Annotations

Branches:
Dungeon (4/15)
 Temple: D:4-7

Altars:
Fedhas
Gozag
Nemelex Xobeh
Qazlal
Sif Muna
Trog
Xom

Shops:
D:2 *

Annotations:
D:4 1 transporter


Innate Abilities, Weirdness & Mutations

You are surrounded by a moderate repulsion field. (EV +3)
You regenerate health from kills.
You regenerate magic rapidly.


Message History

x - a +2 dagger of venom (weapon)
You start resting.
Magic restored.
You start resting.
HP restored.
A gnoll bouda comes into view. It is wielding a +0 club.
Found 22 gold pieces.
The gnoll bouda shouts!
You hear a shout!
You conjure some foxfire!
A centaur warrior comes into view.
The gnoll bouda gazes fiercely through you!
You feel your attacks grow feeble.
You conjure some foxfire!
The foxfire hits the gnoll bouda but does no damage.
The centaur warrior wields a +0 shortbow.
The centaur warrior shoots an arrow.
The arrow hits you!
An orc wizard comes into view. It is wielding a +0 dagger.
The gnoll bouda gazes fiercely through you!
You feel as though you will be weak longer.
The foxfire hits the gnoll bouda.
The gnoll bouda is lightly wounded.
The centaur warrior shoots an arrow.
The arrow hits you!
You hear an angry hiss.
As you read the scroll of teleportation, it crumbles to dust.
You feel strangely unstable.
The foxfire hits the gnoll bouda.
The gnoll bouda is moderately wounded.
The foxfire hits the centaur warrior but does no damage.
It was a potion of curing.
You feel better.
The centaur warrior shoots an arrow.
The arrow hits you.
Press: ? - help, v - describe, . - travel
Here: a centaur warrior, wielding a +0 shortbow The floor.
There are monsters nearby!
Press: ? - help, v - describe, . - travel
Here: a centaur warrior, wielding a +0 shortbow The floor.
Unknown command.
A wyvern comes into view.
The centaur warrior shoots an arrow.
The arrow hits you!!
You die...

##.## ##.....# #...#
...... ###...### #...#
#.......#######..#
#................#
#.......########.#####
###...### #.....#
#...# #######...#....
##### #.....@........
#.......g.......
...#.....#...c.# .
#.###.#.###k# #. ..#o.
.# . ..$..# . .## .#
##


You could see a centaur warrior, a wyvern and a gnoll bouda.

Vanquished Creatures
  Sigmund (D:2)
  An ogre (D:4)
  A quasit (D:4)
  Ijyb (D:4)
  2 iguanas (D:4)
  2 orc wizards (D:7)
  5 adders
  4 shadow imps (D:4)
  5 white imps (D:4)
  3 dart slugs
  9 orcs
  10 ball pythons
  5 bats
  7 endoplasms
  5 giant cockroaches
  7 goblins
  5 hobgoblins
  4 quokkas
  2 frilled lizards
  6 kobolds
  3 rats
88 creatures vanquished.

Vanquished Creatures (collateral kills)
  A foxfire (D:1)
1 creature vanquished.

Vanquished Creatures (others)
  329 foxfires
329 creatures vanquished.

Grand Total: 418 creatures vanquished

Notes
Turn   | Place    | Note
-------+----------+-------------------------------------------
     0 | D:1      | Atlas the Demonspawn Fire Elementalist began the quest for
                  | the Orb.
     0 | D:1      | Reached XP level 1. HP: 13/13 MP: 3/3
   202 | D:1      | Gained mutation: You regenerate a little health from kills.
                  | [demonic ancestry]
   202 | D:1      | Reached XP level 2. HP: 9/19 MP: 0/5
  1019 | D:1      | Gained mutation: You are surrounded by a mild repulsion
                  | field. (EV +2) [demonic ancestry]
  1019 | D:1      | Reached XP level 3. HP: 21/24 MP: 3/6
  1178 | D:2      | Learned a level 2 spell: Scorch
  1239 | D:2      | Noticed Sigmund
  1387 | D:2      | Found a faded altar of an unknown god.
  1428 | D:2      | Found Munu's General Store.
  1506 | D:2      | Killed Sigmund
  1507 | D:2      | Gained mutation: You regenerate health from kills. [demonic
                  | ancestry]
  1507 | D:2      | Reached XP level 4. HP: 24/30 MP: 0/9
  1507 | D:2      | Gained mutation: You regenerate magic rapidly. [demonic
                  | ancestry]
  1507 | D:2      | Reached XP level 5. HP: 29/35 MP: 0/10
  1859 | D:2      | Reached skill level 1 in Throwing
  2016 | D:3      | Found a sparkling altar of Nemelex Xobeh.
  2016 | D:3      | Found a shimmering altar of Xom.
  2172 | D:3      | Found a shimmering blue altar of Sif Muna.
  2172 | D:3      | Found an opulent altar of Gozag.
  2185 | D:3      | Found a blossoming altar of Fedhas.
  2189 | D:3      | Found a bloodstained altar of Trog.
  2193 | D:3      | Found a stormy altar of Qazlal.
  2837 | D:4      | Reached XP level 6. HP: 41/41 MP: 3/11
  2985 | D:4      | Noticed Ijyb
  3012 | D:4      | Killed Ijyb
  3399 | D:4      | Gained mutation: You are surrounded by a moderate repulsion
                  | field. (EV +3) [demonic ancestry]
  3399 | D:4      | Reached XP level 7. HP: 46/46 MP: 9/13
  3423 | D:4      | Identified the +0 sling of Mastery {freeze, rElec Str+7
                  | Dex-3}
  3525 | D:4      | Found a transporter.
  3626 | D:4      | You fall into a shaft and drop 3 floors!
  3789 | D:7      | Noticed a centaur warrior
  3793 | D:7      | Noticed a wyvern
  3793 | D:7      | Shot with an arrow by a centaur warrior

Illustrated notes

Levels and vault maps discovered:
D:1:      tarquinn_simple_flora_water_b, layout_basic, wad_floor_pattern_2,
          nicolae_kite_square_tiling_tiny
D:2:      layout_loops_ring, serial_shops, nicolae_shop_hallway_plus,
          basic_ecumenical_altar, kennysheep_crisscross, uniq_sigmund
D:3:      layout_loops_ring, nicolae_overflow_hallway_of_the_gods,
          minmay_misc_feat_tiny, chequers_serial_rivers_micro_d,
          eino_tiny_chamber, kennysheep_generic_room_7
D:4:      layout_cave_pools, serial_demonic, serial_demonic_f, serial_demonic_b,
          serial_demonic_f, serial_demonic_a, serial_demonic_b,
          serial_demonic_b, gammafunk_ghost_arena, minmay_pentomino_pile,
          uniq_ijyb
D:7:      hangedman_cross_stitches, layout_loops_corners, marbit_many_paths,
          serial_bayou, serial_bayou_lake_a, serial_bayou_shore_b,
          serial_bayou_pond_e, serial_bayou_ford_a, kennysheep_generic_room_3,
          uniq_prince_ribbit1, uniq_maggie

Skill      XL: |  1  2  3  4  5  6  7 |
---------------+----------------------+-----
Dodging        | 2 |  2.6
Fire Magic     | 3 4 |  4.8
Stealth        | 2 |  2.3
Spellcasting   | 3 4 |  4.5
Conjurations   | 2 3 |  3.0
Throwing       | 1 |  1.2
Armour         | |  0.2
Unarmed Combat | |  0.1

Action                     |  1- 3 |  4- 6 |  7- 9 || total
---------------------------+-------+-------+-------++-------
  Melee: Unarmed           |    40 |    28 |    20 ||    88
         Punch             |       |       |     1 ||     1
  Throw: Dart              |     5 |       |       ||     5
   Cast: Foxfire           |    58 |   117 |    28 ||   203
         Scorch            |     4 |    30 |    10 ||    44
    Use: Scroll            |     1 |       |     1 ||     2
         Potion            |       |       |     1 ||     1
 Armour: Robe              |    39 |     6 |       ||    45
         Leather armour    |       |     5 |    44 ||    49
  Dodge: Dodged            |    55 |    36 |    51 ||   142

Table legend: (Time is in decaauts)
 A = Elapsed time spent in this place.
 B = Non-inter-level travel time spent in this place.
 C = Inter-level travel time spent in this place.
 D = Time resting spent in this place.
 E = Time spent auto-exploring this place.
 F = Levels seen in this place.
 G = Mean time per level.
                   A        B        C        D        E       F      G
               +--------+--------+--------+--------+--------+-----+--------+
         Total |   3792 |   3747 |     45 |    161 |   2884 |   5 |  758.4 |
       Dungeon |   3792 |   3747 |     45 |    161 |   2884 |   5 |  758.4 |
               +--------+--------+--------+--------+--------+-----+--------+

Top non-repeatable levels by time:
     D:1: 1134 daAuts
     D:3: 880 daAuts
     D:2: 813 daAuts
     D:4: 797 daAuts
     D:7: 166 daAuts
